 Dungeon Crawl Stone Soup version 0.27.1-3-gb3d3a73c9e (webtiles) character file.

Game seed: 3818029798694162722

66 Ihlosi the Skirmisher (level 4, 0/36 HPs)
             Began as a Human Fighter on Oct 9, 2021.
             Succumbed to an adder's poison
             ... on level 3 of the Dungeon.
             The game lasted 00:05:13 (1994 turns).

Ihlosi the Skirmisher (Human Fighter)               Turns: 1994, Time: 00:05:14

Health: 0/36       AC:  6    Str: 17    XL:     4   Next: 37%
Magic:  6/6        EV:  7    Int:  9    God:
Gold:   69         SH:  9    Dex: 12    Spells: 6/6 levels left

rFire    . . .     SeeInvis .   a - +0 long sword
rCold    . . .     Faith    .   c - +0 kite shield
rNeg     . . .     Spirit   .   b - +0 scale mail
rPois    .         Reflect  .   (no helmet)
rElec    .         Harm     .   (no cloak)
rCorr    .         Rampage  .   (no gloves)
Will     .....                  (no boots)
Stlth    ..........             (no amulet)
HPRegen  0.12/turn              (no ring)
MPRegen  0.10/turn              (no ring)

@: mighty, lethally poisoned (0 -> -10), invisible
A: no striking features
a: no special abilities


You were on level 3 of the Dungeon.
You visited 1 branch of the dungeon, and saw 3 of its levels.

You collected 69 gold pieces.

Inventory:

Hand Weapons
 a - a +0 long sword (weapon)
 f - a +2 dagger of distortion
 l - a +1 vorpal hand crossbow
Armour
 b - a +0 scale mail (worn)
 c - a +0 kite shield (worn)
 n - a +0 pair of gloves
Scrolls
 h - 3 scrolls of identify
 i - a scroll of amnesia
 m - a scroll of enchant armour {unknown}
Potions
 e - a potion of invisibility
 g - a potion of ambrosia {unknown}
 j - a potion of heal wounds {unknown}
 k - a potion of curing {unknown}


   Skills:
 + Level 3.6 Fighting
 + Level 2.9 Long Blades
 - Level 3.0 Armour
 + Level 0.7 Stealth
 - Level 3.0 Shields
 * Level 1.6 Spellcasting


You had 6 spell levels left.
You didn't know any spells.
Your spell library contained the following spells:

 Spells                   Type           Power      Damage    Failure   Level
 Beastly Appendage        Tmut           0%         N/A       99%         1
 Corona                   Hex            0%         N/A       99%         1
 Ensorcelled Hibernation  Hex/Ice        0%         N/A       100%        2
 Wereblood                Tmut           0%         N/A       100%        2
 Conjure Flame            Conj/Fire      0%         6-21      100%        3
 Ignite Poison            Fire/Tmut/Pois 0%         N/A       100%        3
 Ozocubu's Armour         Ice            0%         N/A       100%        3
 Spider Form              Tmut/Pois      0%         N/A       100%        3
 Tukima's Dance           Hex            0%         N/A       100%        3
 Sticky Flame             Conj/Fire      0%         2d3       100%        4
 Metabolic Englaciation   Hex/Ice        0%         N/A       100%        5
 Simulacrum               Ice/Necr       0%         N/A       100%        6


Dungeon Overview and Level Annotations

Branches:
Dungeon (3/15)

Altars:

Shops:
D:1 ?


Message History

You block the hobgoblin's attack. The adder barely misses you.
The adder bites you but does no damage.
Your shield and scale mail prevent you from hitting the adder.
The adder is heavily wounded.
The adder bites you but does no damage. The adder barely misses you.
The hobgoblin hits you. You block the adder's attack.
The adder barely misses you.
The hobgoblin hits you but does no damage.
You miss the adder.
The adder is heavily wounded.
You block the adder's attack. x2; The hobgoblin hits you.
The adder bites you but does no damage. x2
Your shield prevents you from hitting the adder.
The adder is heavily wounded.
The adder barely misses you.
You riposte.
You miss the adder.
The adder is heavily wounded.
You block the adder's attack.
The hobgoblin hits you but does no damage.
The adder bites you.
* * * LOW HITPOINT WARNING * * *
You block the adder's attack. The hobgoblin closely misses you.
You riposte.
You closely miss the hobgoblin.
You feel very mighty all of a sudden. The adder bites you but does no damage.
The adder bites you.
* * * LOW HITPOINT WARNING * * *
You are lethally poisoned!
The adder poisons you!
The hobgoblin hits you but does no damage.
You closely miss the adder.
The adder is heavily wounded.
* * * LOW HITPOINT WARNING * * *
You feel very sick.
You block the adder's attack. x3; The hobgoblin barely misses you.
The adder bites you.
* * * LOW HITPOINT WARNING * * *
You are more poisoned.
The adder poisons you!
It was a potion of invisibility.
You fade into invisibility!
You die...

......... #........
#...... # #.......
....... . ...... .......
.####...# ######.......
........# #............
..##...#####..# .......
..............###S......
...†.##..#.(##.g@#
.....#...#.###.#S#
.........##...###.#
..........#.#. $#
........##.### .#
.....##.#.". #.
.....##.# #. # ###..# .
##..## .#


You could see 2 adders and a hobgoblin.

Vanquished Creatures
  An adder (D:3)
  3 worms
  A dart slug (D:1)
  An orc (D:3)
  5 ball pythons
  4 endoplasms
  2 giant cockroaches
  5 goblins
  4 hobgoblins
  3 jackals (D:2)
  3 kobolds (D:3)
  2 quokkas (D:2)
  6 bats
  2 frilled lizards
  A rat (D:1)
43 creatures vanquished.

Notes
Turn   | Place    | Note
-------+----------+-------------------------------------------
     0 | D:1      | Ihlosi the Human Fighter began the quest for the Orb.
     0 | D:1      | Reached XP level 1. HP: 18/18 MP: 1/1
    47 | D:1      | Found Pamil's Magic Scroll Emporium.
   104 | D:1      | Found a faded altar of an unknown god.
   206 | D:1      | Reached XP level 2. HP: 24/24 MP: 2/2
   336 | D:1      | Reached skill level 1 in Spellcasting
   823 | D:2      | Reached XP level 3. HP: 29/29 MP: 4/4
  1615 | D:3      | Reached XP level 4. HP: 25/36 MP: 6/6
  1994 | D:3      | Succumbed to an adder's poison

Illustrated notes

Levels and vault maps discovered:
D:1:      minmay_arrival_jagged, layout_rooms,
          hellmonk_ecumenical_altar_slurped_away, serial_shops, shop,
          serial_bayou_crossing
D:2:      layout_basic
D:3:      layout_rooms, minmay_pentomino_pile

Skill      XL: |  1  2 |
---------------+-------+-----
Spellcasting   | 1 |  1.6
Fighting       | |  3.6
Long Blades    | |  2.9
Armour         | |  3.0
Stealth        | |  0.7
Shields        | |  3.0

Action                   |  1- 3 |  4- 6 || total
-------------------------+-------+-------++-------
Melee: Long sword        |    90 |    44 ||   134
  Use: Potion            |       |     2 ||     2
       Scroll            |       |     1 ||     1
Armor: Scale mail        |    24 |    44 ||    68
Dodge: Dodged            |    37 |    15 ||    52
Block: Kite shield       |    54 |    39 ||    93
       Rpst.: Long sword |    14 |     4 ||    18
